 Dungeon Sprint DCSS version 0.30-a0-1103-g25895a7845 (webtiles) character file.

Game seed: 5342940716360639886

87 sircluck the Cudgeller (level 4, 0/47 HPs)
             Began as a Minotaur Berserker on Apr 18, 2023.
             Was a Priest of Trog.
             Slain by a hound (4 damage)
             ... in the Dungeon (Sprint IX: "|||||||||||||||||||||||||||||").
             The game lasted 00:00:11 (35 turns).

sircluck the Cudgeller (Minotaur Berserker)           Turns: 35, Time: 00:00:11

Health: 0/47       AC:  2    Str: 23    XL:     4   Next: 28%
Magic:  3/3        EV: 12    Int:  4    God:    Trog [***...]
Gold:   0          SH:  0    Dex: 10    Spells: 3/3 levels left

rFire   . . .      SeeInvis .    a - +0 mace
rCold   . . .      Faith    .    (no shield)
rNeg    . . .      Spirit   .    b - +0 animal skin
rPois   .          Reflect  .    (helmet restricted)
rElec   .          Rampage  .    (no cloak)
rCorr   .          NoTele   +    (no gloves)
Will    .....                    (no boots)
Stlth   +                        (no amulet)
HPRegen 0.27/turn                (no ring)
MPRegen 0.08/turn                (no ring)

@: no status effects
A: horns 2, retaliatory headbutt
a: Renounce Religion, Berserk, Trog's Hand


You were in the Dungeon.
You worshipped Trog.
Trog was most pleased with you.
You visited 1 branch

Inventory:

Hand Weapons
 a - a +0 mace (weapon)
Armour
 b - a +0 animal skin (worn)
Scrolls
 h - a scroll of blinking
Potions
 c - a potion of curing
 d - a potion of heal wounds
 e - a potion of haste
 f - 2 potions of magic
 g - a potion of berserk rage


   Skills:
 + Level 7.2 Fighting
 + Level 7.3 Maces & Flails
 + Level 3.8 Armour
 + Level 3.8 Dodging
 + Level 0.5 Stealth


You had 3 spell levels left.
You didn't know any spells.
Your spell library was empty.

Dungeon Overview and Level Annotations

Branches:
Dungeon (1/1)

Altars:


Innate Abilities, Weirdness & Mutations

You have a pair of horns on your head.
You reflexively headbutt those who attack you in melee.


Message History

You barely miss the iguana.
The iguana is severely wounded.
The iguana closely misses you.
You hit the iguana.
The iguana is almost dead.
The iguana bites you.
* * * LOW HITPOINT WARNING * * *
You closely miss the iguana. You headbutt the iguana.
You kill the iguana!
Trog accepts your kill.
Your Fighting skill increases to level 7!
Your Maces & Flails skill increases to level 7!
You have reached level 4!
You feel agile.
You barely miss the hound. Your headbutt misses the hound.
The hound closely misses you. You furiously retaliate!
You headbutt the hound. The hound bites you.
* * * LOW HITPOINT WARNING * * *
You hit the hound.
The hound is moderately wounded.
The white imp lashes its tail.
The hound barely misses you.
You hit the hound but do no damage.
The hound is moderately wounded.
The hound barely misses you. The hound bites you.
* * * LOW HITPOINT WARNING * * *
You hit the hound. Your headbutt misses the hound.
The hound is moderately wounded.
The hound barely misses you.
The white imp summons a swarm of flies.
The hound bites you.
* * * LOW HITPOINT WARNING * * *
You hit the hound.
You headbutt the hound, but do no damage.
The hound is heavily wounded.
The hound closely misses you. You furiously retaliate!
You headbutt the hound! You completely miss the hound.
The hound is almost dead.
The hound bites you.
You die... ▓▓▓▓▓▓▓▓▓▓▓▓▓▓▓▓▓▓ ▓<...)....@h5S...+ ▓▓▓▓▓▓▓▓▓▓▓▓▓▓▓▓▓▓

You could see a hound, an adder and a white imp.

Vanquished Creatures
  A scorpion (D)
  An iguana (D)
  A bat (D)
  2 giant cockroaches (D)
  A goblin (D)
  A quokka (D)
7 creatures vanquished.

Notes
Turn   | Place    | Note
-------+----------+-------------------------------------------
     0 | D        | sircluck the Minotaur Berserker began the quest for the
                  | Orb.
     0 | D        | Reached XP level 1. HP: 19/19 MP: 0/0
    10 | D        | Reached ** piety under Trog
    19 | D        | Noticed a scorpion
    19 | D        | Noticed an iguana
    19 | D        | Noticed a hound
    21 | D        | Killed a scorpion
    22 | D        | Reached XP level 2. HP: 27/31 MP: 1/1
    22 | D        | Reached XP level 3. HP: 33/38 MP: 2/2
    29 | D        | Reached *** piety under Trog
    30 | D        | Reached XP level 4. HP: 14/47 MP: 3/3
    35 | D        | Slain by a hound

Illustrated notes

Levels and vault maps discovered:
D:        linesprint [early_d, line_temple, items_1, d_10, items_2, lair_1,
          lair_end, items_3, orc_1, orc_end, items_4, d_15, swamp_1, shoals_1,
          snake_1, spider_1, d_20, vaults_1, items_5, swamp_end, shoals_end,
          snake_end, spider_end, vaults_end, d_27, items_6, zot_1, zot_end,
          crypt_end, forest_end, elf_end, slime_end, tomb_end, abyss_end,
          pan_hell_end]

Skill      XL: |  1  2  3 |
---------------+----------+-----
Fighting       | 6 7 |  7.2
Maces & Flails | 6 7 |  7.3
Armour         | 3 |  3.8
Dodging        | 3 |  3.8
Stealth        | |  0.5

Action                     |  1- 3 |  4- 6 || total
---------------------------+-------+-------++-------
  Melee: Mace              |    19 |     6 ||    25
         Headbutt          |     4 |     1 ||     5
 Armour: Animal skin       |     3 |       ||     3
  Dodge: Dodged            |     9 |     5 ||    14

Table legend: (Time is in decaauts)
 A = Elapsed time spent in this place.
 B = Non-inter-level travel time spent in this place.
 C = Inter-level travel time spent in this place.
 D = Time resting spent in this place.
 E = Time spent auto-exploring this place.
 F = Levels seen in this place.
 G = Mean time per level.
                   A        B        C        D        E       F      G
               +--------+--------+--------+--------+--------+-----+--------+
         Total |     38 |     38 |      0 |      0 |      0 |   1 |   38.0 |
       Dungeon |     38 |     38 |      0 |      0 |      0 |   1 |   38.0 |
               +--------+--------+--------+--------+--------+-----+--------+

Top non-repeatable levels by time:
       D: 38 daAuts
